 Dungeon Crawl Stone Soup version 0.17.1-1-g73c8601 (webtiles) character file.

4579 shmeve the Fighter (level 10, -17/93 HPs)
             Began as a Minotaur Berserker on Apr 15, 2016.
             Was an Elder of Trog.
             Demolished by Gastronok (20 damage)
             ... on level 8 of the Dungeon.
             The game lasted 00:20:57 (7796 turns).

shmeve the Fighter (Minotaur Berserker)             Turns: 7796, Time: 00:20:57

Health: -17/93     AC: 20    Str: 26    XL:     10   Next: 18%
Magic:  9/9        EV: 18    Int:  5    God:    Trog [****..]
Gold:   360        SH:  0    Dex: 11    Spells: 0 memorised, 9 levels left

rFire  . . .     SeeInvis .     R - +0 battleaxe
rCold  . . .     Clarity  .     J - +0 plate armour
rNeg   + . .     SustAt   .     (shield currently unavailable)
rPois  .         Gourm    .     l - +2 hat
rElec  .         Spirit   .     u - +0 cloak
rCorr  .         Warding  +     (no gloves)
rMut   .         Stasis   .     (no boots)
MR     ++...                    K - brooch of Shielding {Ward rN+ AC+4 EV+4}
Stlth  ..........               N - +4 ring of evasion
                                p - +3 ring of strength

@: exhausted, regenerating, slowed, very slow, very resistant to hostile
enchantments, extremely unstealthy
A: retaliatory headbutt, horns 2
a: Berserk, Trog's Hand, Brothers in Arms, Burn Spellbooks, Renounce Religion


You were on level 8 of the Dungeon.
You worshipped Trog.
Trog was greatly pleased with you.
You were hungry.

You visited 2 branches of the dungeon, and saw 9 of its levels.

You collected 360 gold pieces.

Inventory:

Hand Weapons
 B - a +0 war axe
 R - a +0 battleaxe (weapon)
Missiles
 m - 2 javelins (quivered)
 v - 4 silver javelins
Armour
 l - a +2 hat (worn)
 u - a +0 cloak (worn)
 J - a +0 plate armour (worn)
Jewellery
 p - a +3 ring of strength (left hand)
 K - the brooch of Shielding (around neck) {Ward rN+ AC+4 EV+4}
   (You took it off an orc on level 6 of the Dungeon)

   [amulet of warding]

   It may prevent the melee attacks of summoned creatures.
   It affects your AC (+4).
   It affects your evasion (+4).
   It protects you from negative energy.
 N - a +4 ring of evasion (right hand)
Scrolls
 d - 3 scrolls of teleportation
 e - 3 scrolls of fog
 f - 3 scrolls of enchant weapon
 i - 5 scrolls of remove curse
 j - 2 scrolls of identify
 k - 5 scrolls of magic mapping
Potions
 b - 2 potions of beneficial mutation {unknown}
 h - 2 potions of lignification {unknown}
 o - 2 potions of ambrosia {unknown}
 q - a potion of magic {unknown}
 x - 6 potions of curing
 z - a potion of flight {unknown}
 A - a potion of cancellation {unknown}
 H - a potion of agility {unknown}
 I - 2 potions of poison {unknown}
 L - a potion of heal wounds {unknown}
Comestibles
 c - 10 bread rations
 t - 4 meat rations
 C - 3 beef jerkies
 G - 4 fruits
 Q - 7 slices of pizza


   Skills:
 * Level 10.2 Fighting
 * Level 10.1 Axes
 + Level 5.4 Throwing
 + Level 7.2 Armour
 + Level 6.7 Dodging


You had 9 spell levels left.
You didn't know any spells.

Dungeon Overview and Level Annotations

Branches:
Dungeon (8/15)             Temple (1/1) D:7
   Lair: D:8-11

Altars:
Ashenzari
Cheibriados
Elyvilon
Fedhas
Gozag
Kikubaaqudgha
Makhleb
Nemelex Xobeh
Okawaru
Qazlal
Ru
Sif Muna
Trog
Vehumet
Xom
Yredelemnul
The Shining One

Shops:
D:6 :

Annotations:
D:8 Erolcha, Gastronok


Innate Abilities, Weirdness & Mutations

You reflexively headbutt those who attack you in melee.
You have a pair of horns on your head.


Message History

You hit the worker ant but do no damage.
The worker ant is heavily wounded.
The worker ant bites you but does no damage.
The worker ant barely misses you.
Erolcha the Cunning comes into view.
She is wielding a giant club.
You slice Gastronok!!
Gastronok is almost dead.
You hit the worker ant but do no damage.
The worker ant is heavily wounded.
The worker ant closely misses you.
Erolcha moves out of view.
Gastronok bites you!!
* * * LOW HITPOINT WARNING * * *
The worker ant bites you.
* * * LOW HITPOINT WARNING * * *
A centaur comes into view.
Your skin crawls.
You feel resistant to hostile enchantments.
You feel slightly more hungry. The worker ant completely misses you.
Gastronok bites you!!
You die...

###...## #......##. #$
#......'O #. #......#
#.# #....c(#
#.###...(..#
#..##.wa...#
#..##.@....#.
########..##(........
#......#...).........
##......#..##........#
...........##........#
##......##.#####.....#
.........#.# .....#
##.......#.# .....#
#.......#.# .###


You could see Gastronok, Erolcha, a centaur and a worker ant.

Vanquished Creatures
  The ghost of Morsion the Severer, a novice MiFi of the Shining One (D:8)
  Pikel (D:5)
  Joseph (D:8)
  Prince Ribbit (D:6)
  A yak (D:7)
  A human (D:7)
  The ghost of Morsion the Chopper, an amateur HuFi (D:4)
  An ice beast (D:5)
  A slave (D:5)
  A sky beast (D:6)
  2 centaurs (D:5)
  2 ogres (D:5)
  Blork the orc (D:5)
  5 giant frogs
  A scorpion (D:5)
  A wyvern skeleton (D:7)
  5 wights (D:7)
  A jelly (D:5)
  An orc priest (D:5)
  Crazy Yiuf (D:3)
  A giant frog skeleton (D:6)
  5 hounds
  3 orc wizards (D:4)
  6 gnoll shamans (D:5)
  8 worker ants
  3 sheep (D:7)
  A killer bee zombie (D:7)
  6 adders
  A worker ant zombie (D:5)
  38 gnolls
  A shadow imp (D:7)
  An ooze (D:2)
  An adder skeleton (D:4)
  4 worms
  3 giant geckos
  18 orcs
  13 bats
  6 goblins
  5 hobgoblins
  16 jackals
  8 kobolds
  4 quokkas
  3 ball pythons
  5 giant cockroaches
  A giant gecko skeleton (D:6)
  4 giant newts
  A jackal zombie (D:8)
  2 quokka skeletons
  4 rats
202 creatures vanquished.

Notes
Turn   | Place    | Note
--------------------------------------------------------------
     0 | D:1      | shmeve the Minotaur Berserker began the quest for the Orb.
     0 | D:1      | Reached XP level 1. HP: 19/19 MP: 0/0
    89 | D:1      | Reached XP level 2. HP: 22/27 MP: 1/1
   289 | D:1      | Reached skill level 4 in Axes
   754 | D:2      | Reached XP level 3. HP: 20/33 MP: 2/2
   754 | D:2      | Reached ** piety under Trog
  1410 | D:2      | Reached skill level 1 in Throwing
  1711 | D:3      | Reached XP level 4. HP: 40/40 MP: 3/3
  2068 | D:3      | Noticed Crazy Yiuf
  2073 | D:3      | Killed Crazy Yiuf
  2351 | D:3      | Reached XP level 5. HP: 38/47 MP: 4/4
  2603 | D:3      | Found an iron altar of Okawaru.
  2612 | D:3      | Reached skill level 5 in Axes
  2623 | D:3      | Found a radiant altar of Vehumet.
  2698 | D:3      | Found a faded altar to an unknown god.
  3065 | D:4      | Noticed Morsion's ghost (amateur HuFi)
  3251 | D:4      | Killed Morsion's ghost
  3251 | D:4      | Reached skill level 5 in Fighting
  3251 | D:4      | Reached XP level 6. HP: 56/56 MP: 5/5
  3449 | D:4      | Found a shimmering altar of Xom.
  3812 | D:4      | Found a stormy altar of Qazlal.
  3833 | D:5      | Entered Level 5 of the Dungeon
  3843 | D:5      | Reached skill level 6 in Fighting
  3843 | D:5      | Reached XP level 7. HP: 50/63 MP: 6/6
  3843 | D:5      | Reached *** piety under Trog
  4032 | D:5      | Noticed Blork the orc
  4048 | D:5      | Killed Blork the orc
  4279 | D:5      | Reached skill level 7 in Fighting
  4279 | D:5      | Reached XP level 8. HP: 49/73 MP: 7/7
  4324 | D:5      | Reached **** piety under Trog
  4441 | D:5      | Reached skill level 5 in Armour
  4441 | D:5      | Reached skill level 5 in Dodging
  4556 | D:5      | Received a gift from Trog
  5072 | D:5      | Reached skill level 8 in Fighting
  5340 | D:5      | Noticed Pikel
  5363 | D:5      | Killed Pikel
  5363 | D:5      | Reached XP level 9. HP: 11/82 MP: 8/8
  5685 | D:5      | Found an ancient bone altar of Kikubaaqudgha.
  5982 | D:6      | Found Voriaghi's Book Shoppe.
  5995 | D:6      | Noticed Prince Ribbit
  6002 | D:6      | Killed Prince Ribbit
  6002 | D:6      | Reached skill level 9 in Fighting
  6674 | D:7      | Found an opulent altar of Gozag.
  6703 | D:7      | Found a staircase to the Ecumenical Temple.
  7114 | D:7      | Reached skill level 5 in Throwing
  7440 | Temple   | Entered the Ecumenical Temple
  7765 | D:8      | Noticed Morsion's ghost (novice MiFi)
  7766 | D:8      | Noticed Gastronok
  7769 | D:8      | Noticed Joseph
  7780 | D:8      | Killed Morsion's ghost
  7780 | D:8      | Reached skill level 10 in Fighting
  7780 | D:8      | Reached XP level 10. HP: 79/93 MP: 9/9
  7784 | D:8      | Killed Joseph
  7784 | D:8      | Reached ***** piety under Trog
  7784 | D:8      | Reached skill level 10 in Axes
  7795 | D:8      | Noticed Erolcha
  7795 | D:8      | HP: 2/93 [Gastronok (27)]
  7796 | D:8      | Demolished by Gastronok

Action                   |  1- 3 |  4- 6 |  7- 9 | 10-12 || total
-------------------------+-------+-------+-------+-------++-------
Melee: Hand axe          |    70 |    76 |       |       ||   146
       War axe           |       |    29 |   275 |       ||   304
       Battleaxe         |       |       |    18 |    12 ||    30
Throw: Javelin           |       |       |     8 |       ||     8
Invok: Berserk           |     1 |     3 |     7 |       ||    11
       Trog's Hand       |       |     1 |     2 |     1 ||     4
  Use: Scroll            |       |       |    14 |       ||    14
 Stab: Sleeping          |     1 |       |       |       ||     1
       Invisible         |       |     1 |       |       ||     1
  Eat: Chunk             |     3 |    10 |    18 |       ||    31
       Royal jelly       |       |       |     1 |       ||     1
